 Dungeon Crawl Stone Soup version 0.29.1-15-g9cfb28693d (webtiles) character file.

Game seed: 1606060803853449977

28 Hugehornet the Chopper (level 2, 0/25 HPs)
             Began as a Demigod Fighter on Apr 2, 2023.
             Slain by a worm (6 damage)
             ... on level 2 of the Dungeon.
             The game lasted 00:01:45 (928 turns).

Hugehornet the Chopper (Demigod Fighter)             Turns: 928, Time: 00:01:46

Health: 0/25       AC:  6    Str: 17    XL:     2   Next: 75%
Magic:  4/4        EV:  8    Int: 10    God:
Gold:   69         SH:  4    Dex: 13    Spells: 1/1 levels left

rFire   . . .      SeeInvis .   a - +0 war axe
rCold   . . .      Faith    .   c - +0 buckler
rNeg    . . .      Spirit   .   b - +0 scale mail
rPois   .          Reflect  .   (no helmet)
rElec   .          Harm     .   (no cloak)
rCorr   .          Rampage  .   (no gloves)
Will    .....                   (no boots)
Stlth   ..........              (no amulet)
HPRegen 0.08/turn               (no ring)
MPRegen 0.09/turn               (no ring)

@: no status effects
A: high MP 1, forlorn, divine attributes
a: no special abilities


You were on level 2 of the Dungeon.
You visited 1 branch of the dungeon, and saw 2 of its levels.

You collected 69 gold pieces.

Inventory:

Hand Weapons
 a - a +0 war axe (weapon)
Armour
 b - a +0 scale mail (worn)
 c - a +0 buckler (worn)
Wands
 h - a wand of quicksilver (14)
Scrolls
 f - a scroll of teleportation {unknown}
 g - a scroll of noise {unknown}
Potions
 d - 2 potions of might
 e - 3 potions of curing {unknown}
 i - a potion of attraction {unknown}


   Skills:
 - Level 2.7 Fighting
 + Level 3.1 Axes
 - Level 2.7 Armour
 - Level 2.7 Shields


You had one spell level left.
You didn't know any spells.
Your spell library contained the following spells:

 Spells                   Type           Power      Damage    Failure   Level
 Foxfire                  Conj/Fire      0%         2x1d4     86%         1
 Conjure Flame            Conj/Fire      0%         6-21      99%         3
 Inner Flame              Hex/Fire       0%         N/A       99%         3
 Flame Wave               Conj/Fire      0%         2d4       100%        4


Dungeon Overview and Level Annotations

Branches:
Dungeon (2/15)

Shops:
D:1 =


Innate Abilities, Weirdness & Mutations

You have an increased reservoir of magic. (+10% MP)
You shall have no god before yourself.
Your divine heritage dramatically boosts your attributes as you level up.


Message History

You closely miss the kobold. The kobold hits you but does no damage.
You barely miss the kobold. The kobold closely misses you. x2
You slash the kobold!
You kill the kobold!
No target in view!
No target in view!
i - a dark potion
Things that are here:
a +0 short sword; 2 stones
Found 2 stones.
You see here 2 stones.
You now have 69 gold pieces (gained 18).
A kobold comes into view.
It is wielding a +2 short sword of electrocution.
A kobold is nearby!
Found a stone staircase leading up.
A worm comes into view.
Found a robe.
The kobold hits you but does no damage.
You are electrocuted!
You closely miss the kobold. The kobold hits you but does no damage.
You hit the kobold.
You kill the kobold!
You see here a +2 short sword of electrocution.
The worm bites you.
You are too injured to fight recklessly!
You are too injured to fight recklessly!
You are too injured to fight recklessly!
You are too injured to fight recklessly!
You are too injured to fight recklessly!
You hit the worm.
The worm is lightly wounded.
The worm bites you.
* * * LOW HITPOINT WARNING * * *
You hit the worm.
The worm is heavily wounded.
The worm closely misses you.
You hit the worm.
The worm is heavily wounded.
You hit the worm.
The worm is severely wounded.
The worm bites you.
You die...

....# ##. ...## #..
########..# ##.#
#.........####..#
#..........##...##
#.......#...##...##
#....)..##...#.#..#
#.......##....(##.#
#..@....##....###.##
#.w.................
..........##...#.##.##
...[........##...#.##.#
..........<.##...#..#.##
.................##.#..#
###.....................
#.........##...##.##..
...##.#...


You could see a worm.

Vanquished Creatures
  2 dart slugs (D:1)
  An endoplasm (D:1)
  A hobgoblin (D:1)
  2 jackals (D:1)
  5 ball pythons
  4 bats (D:1)
  2 frilled lizards (D:1)
  3 kobolds
  4 rats
24 creatures vanquished.

Notes
Turn   | Place    | Note
-------+----------+-------------------------------------------
     0 | D:1      | Hugehornet the Demigod Fighter began the quest for the Orb.
     0 | D:1      | Reached XP level 1. HP: 18/18 MP: 3/3
   271 | D:1      | Reached skill level 2 in Axes
   351 | D:1      | Reached XP level 2. HP: 25/25 MP: 4/4
   403 | D:1      | Found Aclu's Jewellery Shop.
   661 | D:1      | Reached skill level 3 in Axes
   928 | D:2      | Slain by a worm

Illustrated notes

Levels and vault maps discovered:
D:1:      wander_arrival_fairy_ring, layout_loops_ring, serial_shops,
          nicolae_shop_stone, item_on_display_a
D:2:      layout_rooms, serial_shops, nicolae_shop_stone,
          nicolae_underground_beach

Skill      XL: |  1  2 |
---------------+-------+-----
Axes           | 2 3 |  3.1
Fighting       | |  2.7
Armour         | |  2.7
Shields        | |  2.7

Action                   || total
-------------------------++-------
Melee: War axe           ||    65
Armor: Scale mail        ||    30
Dodge: Dodged            ||    29
Block: Buckler           ||    15
